 Dungeon Crawl Stone Soup version 0.27-a0-3-gcf006a40f5 (webtiles) character file.

Game seed: 11489700585212150704

741 Anmu the Ruffian (level 7, 0/67 HPs)
             Began as a Troll Berserker on Jan 1, 2021.
             Was a Priest of Trog.
             Succumbed to an adder's poison
             ... on level 4 of the Dungeon.
             The game lasted 00:06:29 (2494 turns).

Anmu the Ruffian (Troll Berserker)                  Turns: 2494, Time: 00:06:31

Health: 0/67       AC:  6    Str: 26    XL:     7   Next: 47%
Magic:  6/6        EV: 11    Int:  3    God:    Trog [***...]
Gold:   173        SH:  0    Dex: 11    Spells: 6/6 levels left

rFire    . . .     SeeInvis .     - Unarmed
rCold    . . .     Faith    .   (no shield)
rNeg     . . .     Spirit   .   a - +0 animal skin
rPois    .         Reflect  .   (helmet restricted)
rElec    .         Harm     .   (no cloak)
rCorr    .         Rampage  .   (gloves unavailable)
Will     .....                  (boots unavailable)
Stlth    +.........             (no amulet)
HPRegen  0.61/turn              (no ring)
MPRegen  0.10/turn              (no ring)

@: lethally poisoned (0 -> -3), berserk cooldown, slowed, very slow
A: large, unfitting armour, claws 3, regeneration 1, shaggy fur 1, tough skin 3
a: Renounce Religion, Berserk, Trog's Hand


You were on level 4 of the Dungeon.
You worshipped Trog.
Trog was most pleased with you.
You visited 1 branch of the dungeon, and saw 5 of its levels.

You collected 173 gold pieces.

Inventory:

Armour
 a - a +0 animal skin (worn)
Scrolls
 b - a scroll of immolation {unknown}
 c - 2 scrolls of teleportation {unknown}
 d - 5 scrolls of identify {unknown}
 g - a scroll of enchant armour {unknown}
 h - 2 scrolls of blinking {unknown}
 k - 2 scrolls of remove curse {unknown}
 l - 2 scrolls of amnesia {unknown}
Potions
 e - a potion of heal wounds {unknown}
 f - a potion of degeneration {unknown}
 i - a potion of curing
 j - a potion of flight
 m - a potion of attraction
 n - a potion of haste {unknown}


   Skills:
 + Level 3.4 Fighting
 + Level 3.9 Dodging
 + Level 1.0 Stealth
 + Level 7.1 Unarmed Combat


You had 6 spell levels left.
You didn't know any spells.
Your spell library was empty.

Dungeon Overview and Level Annotations

Branches:
Dungeon (5/15)
 Temple: D:4-7

Altars:
Dithmenos


Innate Abilities, Weirdness & Mutations

You are too large for most types of armour.
You have claws for hands.
Your natural rate of healing is unusually fast.
You are covered in fur. (AC +1)
You have extremely tough skin. (AC +3)


Message History

You mangle the ogre!!
You kill the ogre!
Trog accepts your kill.
You feel sick.
The adder bites you but does no damage. x2
The leopard gecko bites you but does no damage.
Your Stealth skill increases to level 1!
Your Unarmed Combat skill increases to level 7!
You are no longer berserk.
You are exhausted.
You feel yourself slow down.
You feel sick. The orc hits you but does no damage.
The adder closely misses you.
There is a stone staircase leading up here.
You feel sick. The adder closely misses you. The orc misses you.
The orc hits you with a +0 flail!
* * * LOW HITPOINT WARNING * * *
The leopard gecko misses you.
The orc hits you from afar with a +0 trident!
* * * LOW HITPOINT WARNING * * *
You climb upwards.
You die...

####### #.# #.#
######### #.#####
........# #......
.######.#
########## #......
..#####.#
#........# #......
.....##.#
#o######.###......
..##.##.# #o#
###..<.....†..
..#...#.#
#@###.#..#........
(.......#
#S##.#.).#.....##.
#.#...###
#.###.#..#........
..#...# #.#
#.#....#.#####
###...#
#.###.##.###.#
#...# #........#
#.# #...#
###...######+##
#...# #.###
##...## #...# ##.#
##.....##


You could see an adder and 2 orcs.

Vanquished Creatures
  A phantom (D:5)
  3 ogres
  A scorpion (D:4)
  A howler monkey (D:5)
  A jelly (D:3)
  An orc wizard (D:3)
  An orc priest (D:4)
  3 worker ants
  4 adders (D:4)
  A white imp (D:5)
  2 adder skeletons (D:4)
  A worm (D:4)
  5 dart slugs
  2 leopard geckos (D:1)
  16 orcs
  3 giant cockroaches
  6 goblins
  5 hobgoblins
  4 jackals (D:1)
  2 quokkas (D:3)
  2 ball pythons
  8 bats
  4 frilled lizards
  A jackal skeleton (D:4)
  8 kobolds
  7 rats
93 creatures vanquished.

Vanquished Creatures (others)
  7 plants (D:3)
7 creatures vanquished.

Grand Total: 100 creatures vanquished

Notes
Turn   | Place    | Note
-------+----------+-------------------------------------------
     0 | D:1      | Anmu the Troll Berserker began the quest for the Orb.
     0 | D:1      | Reached XP level 1. HP: 22/22 MP: 0/0
    69 | D:1      | Reached XP level 2. HP: 29/29 MP: 1/1
   447 | D:1      | Reached XP level 3. HP: 36/36 MP: 2/2
   763 | D:1      | Reached ** piety under Trog
  1078 | D:3      | Reached skill level 4 in Unarmed Combat
  1115 | D:3      | Reached XP level 4. HP: 45/45 MP: 3/3
  1235 | D:3      | Noticed an ogre
  1241 | D:3      | Killed an ogre
  1242 | D:3      | Reached skill level 5 in Unarmed Combat
  1242 | D:3      | Reached XP level 5. HP: 29/53 MP: 4/4
  1617 | D:4      | Noticed an ogre
  1624 | D:4      | Killed an ogre
  1625 | D:4      | Reached XP level 6. HP: 28/61 MP: 5/5
  1748 | D:4      | Reached *** piety under Trog
  1876 | D:4      | Reached skill level 6 in Unarmed Combat
  2061 | D:4      | Found a shadowy altar of Dithmenos.
  2469 | D:5      | Entered Level 5 of the Dungeon
  2475 | D:5      | Reached XP level 7. HP: 65/67 MP: 6/6
  2492 | D:5      | Reached skill level 1 in Stealth
  2492 | D:5      | Reached skill level 7 in Unarmed Combat
  2493 | D:5      | HP: 1/67 [orc/+0 trident (9)]
  2494 | D:4      | Succumbed to an adder's poison

Illustrated notes

Levels and vault maps discovered:
D:1:      lightli_arrival_farm, layout_basic
D:2:      layout_basic, chequers_jeans
D:3:      layout_basic, guppyfry_early_lair_pool
D:4:      layout_loops_corners, grunt_dithmenos_smoke
D:5:      layout_rooms, minmay_temple_entry_statues_pillars, minivault_1,
          small_statue_intersection

Skill      XL: |  1  2  3  4  5  6  7 |
---------------+----------------------+-----
Fighting       | 3 |  3.4
Unarmed Combat | 4 5 6 7 |  7.1
Dodging        | 3 |  3.9
Stealth        | 1 |  1.0

Action                   |  1- 3 |  4- 6 |  7- 9 || total
-------------------------+-------+-------+-------++-------
Melee: Unarmed           |   113 |   104 |    15 ||   232
       Punch             |       |     6 |       ||     6
Invok: Berserk           |       |       |     1 ||     1
  Use: Potion            |       |     3 |       ||     3
 Stab: Sleeping          |     1 |       |       ||     1
Armor: Animal skin       |    63 |    42 |    16 ||   121
Dodge: Dodged            |    73 |    47 |    35 ||   155

Table legend: (Time is in decaauts)
 A = Elapsed time spent in this place.
 B = Non-inter-level travel time spent in this place.
 C = Inter-level travel time spent in this place.
 D = Time resting spent in this place.
 E = Time spent auto-exploring this place.
 F = Levels seen in this place.
 G = Mean time per level.
                   A        B        C        D        E       F      G
               +--------+--------+--------+--------+--------+-----+--------+
         Total |   2490 |   2388 |    102 |      0 |   1897 |   5 |  498.0 |
       Dungeon |   2490 |   2388 |    102 |      0 |   1897 |   5 |  498.0 |
               +--------+--------+--------+--------+--------+-----+--------+

Top non-repeatable levels by time:
     D:4: 862 daAuts
     D:1: 859 daAuts
     D:3: 607 daAuts
     D:2: 142 daAuts
     D:5: 18 daAuts
